 Dungeon Crawl Stone Soup version 0.31.0-11-ge490571c62 (webtiles) character file.

Game seed: 18399290960317597267

79 Gadfly the Insei (level 4, -1/35 HPs)
             Began as a Demonspawn Monk on Jan 29, 2024.
             Slain by a gnoll
             ... wielding a +0 spear
              (8 damage)
             ... on level 2 of the Dungeon.
             The game lasted 00:01:58 (1439 turns).

Gadfly the Insei (Demonspawn Monk)                  Turns: 1439, Time: 00:01:59

Health: -1/35      AC:  3    Str: 13    XL:     4   Next: 17%
Magic:  4/4        EV: 13    Int: 10    God:
Gold:   77         SH:  0    Dex: 16    Spells: 3/3 levels left

rFire   . .          .
                       - Unarmed
rCold   . . .        c - orb {light}
rNeg    . . .        a - +1 robe
rPois   .            (no helmet)
rElec   .            (no cloak)
rCorr   .            (no gloves)
SInv    +            (no boots)
Will    .....        (no amulet)
Stlth   +            (no ring)
HPRegen 0.25/turn    (no ring)
MPRegen 0.09/turn

%: no passive effects
@: glowing
A: claws 1, powered by death 1, see invisible, screaming 1
a: no special abilities


You were on level 2 of the Dungeon.
You visited 1 branch of the dungeon, and saw 2 of its levels.

You collected 77 gold pieces.

Inventory:

Armour
 a - a +1 robe (worn)
 c - an orb of light (worn)
Scrolls
 g - a scroll of revelation
Potions
 b - a potion of ambrosia
 d - a potion of lignification
 e - a potion of mutation
 f - a potion of attraction
 j - a potion of brilliance {unknown}


   Skills:
 + Level 3.2 Fighting
 + Level 2.9 Dodging
 * Level 3.3 Unarmed Combat
 * Level 1.6 Evocations
 * Level 1.4 Shapeshifting


You had 3 spell levels left.
You didn't know any spells.
Your spell library was empty.

Dungeon Overview and Level Annotations

Branches:
Dungeon (2/15)

Altars:


Innate Abilities, Weirdness & Mutations

You have sharp fingernails.
You regenerate a little health from kills.
You have supernaturally acute eyesight. (SInv)
You occasionally shout uncontrollably at your foes.


Message History

The giant cockroach closely misses you.
You barely miss the giant cockroach.
The giant cockroach is almost dead.
The giant cockroach completely misses you.
You barely miss the giant cockroach.
The giant cockroach is almost dead.
The giant cockroach closely misses you.
You hit the giant cockroach.
You kill the giant cockroach!
The bat hits you but does no damage. The bat hits you.
You have reached level 4!
You feel agile.
Your demonic ancestry asserts itself...
Your fingernails lengthen.
You scratch the bat.
The bat is severely wounded.
The bat hits you.
The gnoll hits you from afar with a +0 spear.
You are too injured to fight recklessly!
You are too injured to fight recklessly!
You are too injured to fight recklessly!
You are too injured to fight recklessly!
You are too injured to fight recklessly!
You are too injured to fight recklessly!
You are too injured to fight recklessly!
You are too injured to fight recklessly!
You are too injured to fight recklessly!
You are too injured to fight recklessly!
You are too injured to fight recklessly!
You are too injured to fight recklessly!
You are too injured to fight recklessly!
You scratch the bat.
You kill the bat!
The gnoll closely misses you.
You scratch the gnoll.
You kill the gnoll!
The gnoll misses you. The gnoll hits you with a +0 flail!
* * * LOW HITPOINT WARNING * * *
The gnoll hits you with a +0 spear!
You die...

#..##. ...
#..### #.#
##########..#
# #.#
............#
##!#
.##########.#
##..# .# #.#
#...# .# #.#
#####...##.#
#.#
......#g@<.#
#.#
#..g##.....#
#.# ##$##
.###.# #.#
#...# .# .#.
...b..... # #
..##...##.#
... ...## .#
## ....# .#
#...#


You could see 2 gnolls.

Vanquished Creatures
  A gnoll (D:2)
  2 adders (D:2)
  6 ball pythons (D:1)
  3 bats
  3 endoplasms
  2 giant cockroaches (D:2)
  A goblin (D:2)
  9 hobgoblins
  4 jackals (D:2)
  4 kobolds
  3 quokkas
  2 frilled lizards
  4 rats
44 creatures vanquished.

Notes
Turn   | Place    | Note
-------+----------+-------------------------------------------
     0 | D:1      | Gadfly the Demonspawn Monk began the quest for the Orb.
     0 | D:1      | Reached XP level 1. HP: 18/18 MP: 1/1
    63 | D:1      | Found a faded altar of an unknown god.
   194 | D:1      | Gained mutation: You regenerate a little health from kills.
                  | [demonic ancestry]
   194 | D:1      | Reached XP level 2. HP: 23/24 MP: 2/2
   568 | D:1      | Reached skill level 1 in Evocations
   697 | D:1      | You fall into a shaft and drop 1 floor!
   710 | D:2      | Reached skill level 1 in Shapeshifting
   748 | D:2      | Reached XP level 3. HP: 26/29 MP: 3/3
  1387 | D:1      | Gained mutation: You have supernaturally acute eyesight.
                  | (SInv) [potion of mutation]
  1387 | D:1      | Gained mutation: You occasionally shout uncontrollably at
                  | your foes. [potion of mutation]
  1436 | D:2      | Gained mutation: You have sharp fingernails. [demonic
                  | ancestry]
  1436 | D:2      | Reached XP level 4. HP: 23/35 MP: 4/4
  1439 | D:2      | Slain by a gnoll

Illustrated notes

Levels and vault maps discovered:
D:1:      heliophobic_arrival_ceremonial_halls, layout_basic,
          basic_ecumenical_altar
D:2:      layout_loops_ring

Skill      XL: |  1  2 |
---------------+-------+-----
Evocations     | 1 |  1.6
Unarmed Combat | 3 |  3.3
Shapeshifting  | 1 |  1.4
Fighting       | |  3.2
Dodging        | |  2.9

Action                     |  1- 3 |  4- 6 || total
---------------------------+-------+-------++-------
  Melee: Unarmed           |   164 |     3 ||   167
    Use: Scroll            |     6 |       ||     6
         Potion            |     2 |       ||     2
   Stab: Sleeping          |     1 |       ||     1
 Armour: Robe              |    85 |     4 ||    89
  Dodge: Dodged            |   121 |     2 ||   123
